 Dungeon Crawl Stone Soup version 0.30-a0-1103-g25895a7845 (webtiles) character file.

Game seed: 11032823969580302008

11306 jasper the Thaumaturge (level 11, -4/64 HPs)
             Began as a Deep Elf Hedge Wizard on Apr 18, 2023.
             Was a High Priest of Vehumet.
             Slain by a troll (9 damage)
             ... on level 11 of the Dungeon.
             The game lasted 00:25:04 (14311 turns).

jasper the Thaumaturge (Deep Elf Hedge Wizard)     Turns: 14311, Time: 00:25:04

Health: -4/64      AC:  8    Str:  7    XL:     11   Next: 47%
Magic:  3/28       EV: 15    Int: 30    God:    Vehumet [*****.]
Gold:   536        SH:  0    Dex: 14    Spells: 2/32 levels left

rFire   + . .      SeeInvis .    D - staff of fire
rCold   . . .      Faith    +    (no shield)
rNeg    + . .      Spirit   .    b - +0 robe
rPois   .          Reflect  .    k - +1 helmet
rElec   .          Rampage  .    l - +0 cloak
rCorr   .                        (no gloves)
Will    +....                    o - +2 pair of boots {Fly}
Stlth   ++                       g - amulet of faith
HPRegen 0.30/turn                n - ring of positive energy
MPRegen 0.21/turn                w - +6 ring of intelligence

@: flying, hasted, very quick
A: no striking features
a: Renounce Religion


You were on level 11 of the Dungeon.
You worshipped Vehumet.
Vehumet was extremely pleased with you.
You visited 2 branches of the dungeon, and saw 12 of its levels.
You also visited: Bailey.

You collected 635 gold pieces.
You spent 75 gold pieces at shops.
You donated 24 gold pieces to Zin.

Inventory:

Hand Weapons
 a - a +0 dagger
 v - a +1 flail of venom
 x - a +0 quarterstaff
Missiles
 y - 4 throwing nets
Armour
 b - a +0 robe (worn)
 c - a +0 hat
 k - a +1 helmet (worn)
 l - a +0 cloak (worn)
 o - a +2 pair of boots of flying (worn)
 A - a +1 leather armour of willpower
 N - a +1 pair of boots
 P - a +0 kite shield
Magical Staves
 D - a staff of fire (weapon)
Jewellery
 e - a ring of flight
 g - an amulet of faith (around neck)
 n - a ring of positive energy (left hand)
 q - an amulet of guardian spirit
 w - a +6 ring of intelligence (right hand)
 B - a ring of resist corrosion
Wands
 d - a wand of digging (6)
 u - a wand of iceblast (4)
 I - a wand of mindburst (18)
 O - a wand of paralysis (6)
 S - a wand of polymorph (5)
 T - a wand of acid (3)
Scrolls
 m - 2 scrolls of blinking
 r - 4 scrolls of enchant armour
 C - 2 scrolls of immolation
 H - 2 scrolls of magic mapping
 K - 8 scrolls of enchant weapon
 M - 2 scrolls of poison {unknown}
 Q - a scroll of teleportation
 U - 2 scrolls of identify
Potions
 f - a potion of degeneration
 h - 4 potions of haste
 i - 3 potions of lignification {unknown}
 j - 8 potions of curing {unknown}
 p - 4 potions of cancellation {unknown}
 s - 3 potions of resistance {unknown}
 t - 2 potions of invisibility {unknown}
 z - 6 potions of mutation {unknown}
 E - a potion of might {unknown}
 F - 2 potions of flight {unknown}
 G - 3 potions of attraction {unknown}
 J - a potion of experience
 L - a potion of brilliance {unknown}
 R - 2 potions of magic


   Skills:
 + Level 5.2 Fighting
 + Level 8.2 Dodging
 - Level 2.4 Stealth
 + Level 11.3 Spellcasting
 - Level 3.0 Conjurations
 - Level 1.1 Summonings
 - Level 1.1 Translocations
 * Level 10.2 Fire Magic
 * Level 9.4 Air Magic
 - Level 2.2 Poison Magic


You had 2 spell levels left.
You knew the following spells:

 Your Spells              Type           Power      Damage    Failure   Level
a - Magic Dart            Conj           100%       1d8       1%          1
b - Blink                 Tloc           46%        N/A       3%          2
c - Plasma Beam           Fire/Air       42%        2x1d62    2%          6
d - Cigotuvi's Dreadful   Necr/Pois/Air  80%        N/A       1%          2
e - Mephitic Cloud        Conj/Pois/Air  46%        N/A       1%          3
f - Ignite Poison         Fire/Tmut/Pois 58%        N/A       1%          3
g - Ignition              Fire           43%        3d13      56%         8
h - Fireball              Conj/Fire      35%        3d15      1%          5

Your spell library contained the following spells:

 Spells                   Type           Power      Damage    Failure   Level
 Sandblast                Erth           34%        2d9       1%          1
 Poisonous Vapours        Pois/Air       100%       N/A       1%          2
 Necrotise                Necr           68%        1d7       3%          1
 Slow                     Hex            68%        N/A       3%          1
 Call Imp                 Summ           46%        N/A       3%          2
 Passwall                 Tmut/Erth      14%        N/A       4%          2
 Dazzling Flash           Conj/Hex       52%        N/A       1%          3
 Inner Flame              Hex/Fire       64%        N/A       1%          3
 Stone Arrow              Conj/Erth      52%        3d10      1%          3
 Vhi's Electric Charge    Tloc/Air       96%        N/A       1%          3
 Volatile Blastmotes      Fire/Tloc      100%       2d18      1%          3
 Flame Wave               Conj/Fire      71%        2d16      1%          4
 Sticky Flame             Conj/Fire      71%        2d8       1%          4
 Arcjolt                  Conj/Air       26%        1d36      1%          5
 Iskenderun's Mystic Bla  Conj/Tloc      29%        2d7       3%          4
 Freezing Cloud           Conj/Ice/Air   20%        6-21      4%          5
 Ozocubu's Armour         Ice            17%        N/A       9%          3
 Vampiric Draining        Necr           17%        2d7       9%          3
 Starburst                Conj/Fire      35%        6d10      9%          6
 Manifold Assault         Tloc           23%        N/A       19%         4
 Yara's Violent Unravell  Hex/Tmut       8%         3d5       21%         5
 Agony                    Necr           17%        N/A       63%         5
 Metabolic Englaciation   Hex/Ice        8%         N/A       63%         5
 Storm Form               Tmut/Air       22%        N/A       98%         7
 Simulacrum               Ice/Necr       8%         N/A       99%         6
 Ozocubu's Refrigeration  Ice            8%         4d9       99%         7
 Enfeeble                 Hex            8%         N/A       100%        7
 Polar Vortex             Ice            8%         N/A       100%        9


Dungeon Overview and Level Annotations

Branches:
Dungeon (11/15)            Temple (1/1) D:5            Lair (0/5) D:8
    Orc (0/2) D:11         Bailey (visited)

Altars:
Ashenzari
Cheibriados
Elyvilon
Hepliaklqana
Kikubaaqudgha
Makhleb
Okawaru
Trog
Uskayaw
Vehumet
Xom
Yredelemnul
Zin
The Shining One

Shops:
D:1 ![:(   D:2 ?

Annotations:
D:1 1 transporter


Message History

The troll is almost dead.
The troll barely misses you.
The troll claws you but does no damage. x2
You hit the troll but do no damage.
The troll is almost dead.
The troll bites you! The troll claws you but does no damage.
The troll claws you!
A kobold brigand comes into view.
It is wielding a +0 club and quivering poisoned darts.
You take 19 damage, and have 45/64 hp.
MASSIVE DAMAGE!!
The kobold brigand shouts!
You hit the troll but do no damage.
The troll is almost dead.
The troll bites you. The troll barely misses you. The troll misses you.
You take 5 damage, and have 40/64 hp.
You barely miss the troll.
The troll is severely wounded.
A kobold comes into view. It is wielding a +0 whip.
The troll barely misses you. The troll completely misses you.
The troll claws you!
You take 7 damage, and have 33/64 hp.
The troll attacks as you move away! The troll bites you.
The troll claws you but does no damage. The troll misses you.
You take 2 damage, and have 31/64 hp.
Okay, then.
The troll attacks as you move away! The troll completely misses you.
The troll closely misses you. The troll barely misses you.
The kobold demonologist gestures wildly while chanting.
The troll misses you. The troll claws you! The troll misses you.
You take 10 damage, and have 21/64 hp.
The troll attacks as you move away! The troll closely misses you.
The troll claws you.
* * * LOW HITPOINT WARNING * * *
The troll completely misses you.
You take 6 damage, and have 15/64 hp.
The troll attacks as you move away! The troll bites you!
* * * LOW HITPOINT WARNING * * *
The troll completely misses you. x2
You take 10 damage, and have 5/64 hp.
You feel yourself speed up. The troll bites you but does no damage.
The troll claws you!
You die...

..####..............#.####
.........#######.........#
####.....# #.##.####.# #
##....# #.##.# #.# #
##...# #.##.## #.# # ..###
#.##..# #.# # ##.# #.###.#
#.# # #+# #.# #.# #.# #..#
#@###.###.# #...#
#T5...)...# #....#
##.###.##### ##
##.....####K..##.# .+
.......4K......#.# ##
......5####...##.# ...K..#
##.###.# .....# ### ..#
#...# .##


You could see a kobold demonologist, a troll and an ufetubus (summoned).

Vanquished Creatures
  2 two-headed ogres
  A boulder beetle (D:11)
  A manticore (D:11)
  A gargoyle (D:11)
  An unseen horror (D:10)
  A troll (D:10)
  Prince Ribbit (D:5)
  A hornet (D:9)
  Grinder (D:6)
  A vampire (D:10)
  A wraith (D:9)
  11 yaks
  3 wargs (D:8)
  2 vampire mosquitoes (D:7)
  An acid dragon (D:11)
  10 orc warriors
  3 ice beasts
  2 black bears
  4 ogres
  2 centaurs
  2 kobold brigands
  2 phantoms
  2 gnoll sergeants
  3 bullfrogs
  A scorpion (D:6)
  5 wights (D:6)
  14 killer bees
  3 howler monkeys (D:8)
  7 orc priests
  6 hounds
  3 jellies
  A gnoll bouda (D:6)
  An iron imp (D:6)
  3 iguanas
  4 sleepcaps
  Natasha (thrice) (D:3)
  17 orc wizards
  15 gnolls
  8 adders
  2 shadow imps (D:5)
  3 white imps
  2 ufetubi (D:5)
  2 worms
  2 dart slugs (D:1)
  61 orcs
  13 bats
  10 endoplasms
  6 giant cockroaches
  16 goblins
  4 hobgoblins
  9 jackals (D:4)
  4 quokkas
  7 ball pythons
  4 frilled lizards (D:3)
  20 kobolds
  8 rats
323 creatures vanquished.

Vanquished Creatures (others)
  23 plants
23 creatures vanquished.

Grand Total: 346 creatures vanquished

Notes
Turn   | Place    | Note
-------+----------+-------------------------------------------
     0 | D:1      | jasper the Deep Elf Hedge Wizard began the quest for the
                  | Orb.
     0 | D:1      | Reached XP level 1. HP: 10/10 MP: 7/7
   192 | D:1      | Reached skill level 5 in Spellcasting
   299 | D:1      | Found Koenemipn's Distillery.
   318 | D:1      | Found Diwk's Armour Shoppe.
   347 | D:1      | Found Dol Xoma's Book Emporium.
   394 | D:1      | Reached XP level 2. HP: 14/15 MP: 7/10
   687 | D:1      | Learned a level 2 spell: Blink
   690 | D:1      | Learned a level 2 spell: Call Imp
   693 | D:1      | Learned a level 2 spell: Cigotuvi's Dreadful Rot
   966 | D:1      | Reached XP level 3. HP: 19/19 MP: 9/12
   970 | D:1      | Learned a level 3 spell: Mephitic Cloud
   974 | D:1      | Learned a level 3 spell: Ignite Poison
  1102 | D:1      | Found Fuaxuaff's Weapon Emporium.
  1520 | D:2      | Found a glowing silver altar of Zin.
  1589 | D:2      | Reached skill level 6 in Spellcasting
  1794 | D:2      | Found a faded altar of an unknown god.
  1804 | D:2      | Prayed at the altar of an unknown god.
  1804 | D:2      | Became a worshipper of Zin the Law-Giver
  1804 | D:2      | Reached * piety under Zin
  1837 | D:2      | Reached skill level 1 in Fire Magic
  1837 | D:2      | Reached skill level 1 in Poison Magic
  1897 | D:2      | Reached XP level 4. HP: 24/24 MP: 5/14
  2107 | D:2      | Reached ** piety under Zin
  2393 | D:2      | Found Feug's Magic Scroll Shop.
  2398 | D:2      | Bought a scroll of blinking for 75 gold pieces
  2448 | D:2      | Reached skill level 1 in Air Magic
  2573 | D:3      | Noticed Natasha
  2582 | D:3      | Killed Natasha
  2822 | D:3      | Reached XP level 5. HP: 28/28 MP: 1/15
  2997 | D:3      | Noticed Natasha
  3004 | D:3      | Killed Natasha
  3142 | D:3      | Noticed Natasha
  3146 | D:3      | Killed Natasha
  3733 | D:4      | Reached XP level 6. HP: 33/33 MP: 0/17
  3745 | D:4      | Learned a level 6 spell: Plasma Beam
  3803 | D:4      | Found a burning altar of Makhleb.
  3999 | D:4      | Found a hide-covered altar of Uskayaw.
  4482 | D:4      | Reached skill level 1 in Fighting
  4697 | D:4      | Reached XP level 7. HP: 37/38 MP: 13/19
  4804 | D:4      | Reached *** piety under Zin
  4859 | D:4      | Reached skill level 7 in Spellcasting
  5208 | D:5      | Entered Level 5 of the Dungeon
  5413 | D:5      | Found Xipnui's Jewellery Shoppe.
  5552 | D:5      | Found a staircase to the Ecumenical Temple.
  5588 | Temple   | Entered the Ecumenical Temple
  5597 | Temple   | Fell from the grace of Zin
  5597 | Temple   | Became a worshipper of Vehumet
  5633 | D:5      | Reached XP level 8. HP: 32/44 MP: 0/21
  5697 | D:5      | Reached skill level 8 in Spellcasting
  6381 | D:5      | Noticed Prince Ribbit
  6398 | D:5      | Reached * piety under Vehumet
  6398 | D:5      | Offered knowledge of Freeze by Vehumet.
  6407 | D:5      | Killed Prince Ribbit
  6408 | D:5      | Reached skill level 5 in Fire Magic
  6996 | D:6      | Reached skill level 5 in Air Magic
  7116 | D:6      | Found an ancient bone altar of Kikubaaqudgha.
  7170 | D:6      | Found a snail-covered altar of Cheibriados.
  7275 | D:6      | Reached skill level 5 in Dodging
  7369 | D:6      | Noticed Grinder
  7382 | D:6      | Reached XP level 9. HP: 39/49 MP: 15/23
  7388 | D:6      | Killed Grinder
  7389 | D:6      | Reached skill level 9 in Spellcasting
  7915 | D:6      | Offered knowledge of Static Discharge by Vehumet.
  7931 | D:6      | Reached ** piety under Vehumet
  8345 | D:7      | Found a flagged portal.
  8381 | Bailey   | Entered a bailey
  8613 | Bailey   | Offered knowledge of Hailstorm by Vehumet.
  9406 | D:7      | Reached *** piety under Vehumet
  9700 | D:8      | Reached XP level 10. HP: 45/56 MP: 12/25
 10219 | D:8      | Learned a level 8 spell: Ignition
 10224 | D:8      | Offered knowledge of Flame Wave by Vehumet.
 10239 | D:8      | Reached skill level 10 in Spellcasting
 10939 | D:8      | Found a staircase to the Lair.
 10969 | D:8      | Reached **** piety under Vehumet
 10978 | D:8      | Offered knowledge of Freezing Cloud by Vehumet.
 11481 | D:9      | Noticed a two-headed ogre
 11486 | D:9      | Killed a two-headed ogre
 12189 | D:9      | Found a bloodstained altar of Trog.
 12552 | D:10     | Entered Level 10 of the Dungeon
 12570 | D:10     | Reached XP level 11. HP: 62/62 MP: 7/27
 12968 | D:10     | Found a glowing golden altar of the Shining One.
 12970 | D:10     | Reached ***** piety under Vehumet
 12970 | D:10     | Offered knowledge of Fireball by Vehumet.
 12977 | D:10     | Learned a level 5 spell: Fireball
 13289 | D:10     | Found a glowing silver altar of Zin.
 13493 | D:11     | Reached skill level 11 in Spellcasting
 13580 | D:11     | Reached skill level 5 in Fighting
 13605 | D:11     | Noticed a two-headed ogre
 13606 | D:11     | Killed a two-headed ogre
 13607 | D:11     | Reached skill level 10 in Fire Magic
 13995 | D:11     | Found a staircase to the Orcish Mines.
 14146 | D:11     | Noticed a boulder beetle
 14148 | D:11     | Killed a boulder beetle
 14311 | D:11     | Slain by a troll

Illustrated notes

Levels and vault maps discovered:
D:1:      spicycebolla_arrival_risky_transporter, layout_loops_corners,
          serial_shops, shop_statue, nicolae_shop_crystal,
          nicolae_shop_industrial_runoff, shop, grunt_decor_cap
D:2:      layout_basic, basic_altar, ebering_ecumenical_altar_box, serial_shops,
          shop, nicolae_elevator_lobby_asterisk
D:3:      layout_rooms, uniq_natasha
D:4:      layout_basic, mainiacjoe_overflow_tiny_flanked, bloody_makhleb,
          grunt_decor_arrowhead, minmay_ogre_servants
D:5:      layout_loops_ring, minmay_temple_entry_antechambers, serial_bayou,
          serial_bayou_lagoon_b, serial_bayou_pond_a, serial_bayou_crossing,
          serial_bayou_shore_b, serial_shops, shop_fountains, st_stairs_3,
          minmay_fractal_squares_5, uniq_prince_ribbit1
D:6:      layout_basic, slow_altar_1, kennysheep_mini_moat, serial_curves,
          eino_curves_03, eino_curves_01, corexii_mini_fake_secret_closet,
          kennysheep_nub, uniq_grinder
D:7:      layout_basic, enter_bailey_5
D:8:      layout_basic, erik_lair_orcish_takeover, interstate_on_off
D:9:      layout_basic, mainiacjoe_overflow_small_starburst
D:10:     layout_basic, mainiacjoe_overflow_chevrons, tso_altar
D:11:     layout_loops_corners, orc_0_dummy, enter_trove_3
Temple:   hellmonk_temple_of_storms

Skill      XL: |  1  2  3  4  5  6  7  8  9 10 11 |
---------------+----------------------------------+-----
Spellcasting   | 5 6 7 8 9 10 11 | 11.3
Fire Magic     | 1 2 3 4 6 7 9 10 | 10.2
Poison Magic   | 1 2 |  2.2
Air Magic      | 1 2 4 5 7 8 9 |  9.4
Conjurations   | 2 3 |  3.0
Dodging        | 3 4 5 6 7 8 |  8.2
Fighting       | 1 2 3 4 5 |  5.2
Stealth        | |  2.4
Summonings     | |  1.1
Translocations | |  1.1

Action                     |  1- 3 |  4- 6 |  7- 9 | 10-12 || total
---------------------------+-------+-------+-------+-------++-------
  Melee: Dagger            |       |    10 |       |       ||    10
         Punch             |       |     1 |       |       ||     1
         Quarterstaff      |       |    10 |       |       ||    10
         Flail             |       |       |    89 |    10 ||    99
         Staff             |       |       |       |    47 ||    47
   Cast: Magic Dart        |   111 |   181 |   239 |    49 ||   580
         Mephitic Cloud    |       |     7 |    37 |     8 ||    52
         Ignite Poison     |       |     4 |    32 |     7 ||    43
         Blink             |       |     1 |     1 |       ||     2
         Cigotuvi's Dreadf |       |       |     4 |       ||     4
         Plasma Beam       |       |       |     2 |    69 ||    71
  Evoke: Wand              |       |       |     3 |     3 ||     6
    Use: Scroll            |       |     7 |     4 |     1 ||    12
         Potion            |       |     1 |     2 |     4 ||     7
   Stab: Confused          |       |       |     1 |       ||     1
 Armour: Robe              |     7 |    11 |    43 |    31 ||    92
  Dodge: Dodged            |    10 |    44 |   116 |    98 ||   268

Table legend: (Time is in decaauts)
 A = Elapsed time spent in this place.
 B = Non-inter-level travel time spent in this place.
 C = Inter-level travel time spent in this place.
 D = Time resting spent in this place.
 E = Time spent auto-exploring this place.
 F = Levels seen in this place.
 G = Mean time per level.
                   A        B        C        D        E       F      G
               +--------+--------+--------+--------+--------+-----+--------+
         Total |  14377 |  13953 |    424 |    592 |  11499 |  13 | 1105.9 |
       Dungeon |  13662 |  13244 |    418 |    579 |  10936 |  11 | 1242.0 |
        Temple |     16 |     10 |      6 |      0 |      0 |   1 |   16.0 |
        Bailey |    697 |    697 |      0 |     13 |    563 |   1 |  697.0 |
               +--------+--------+--------+--------+--------+-----+--------+

Top non-repeatable levels by time:
     D:6: 1569 daAuts
     D:4: 1552 daAuts
     D:5: 1529 daAuts
     D:1: 1407 daAuts
     D:2: 1379 daAuts
     D:8: 1344 daAuts
     D:9: 1150 daAuts
     D:7: 1078 daAuts
    D:10: 927 daAuts
     D:3: 889 daAuts
    D:11: 834 daAuts
  Bailey: 697 daAuts
  Temple: 16 daAuts
